[ AOE2 MATCH · #495268047 ]
UnrankedGoths vs Cumans
Player's team · WIN
Rival team · LOSS
[ REPLAY ANALYSIS · EXTRACTED FROM THE RECORDED GAME ]
Feudal
11:04
Castle
26:10
Imperial
44:41
| APM avg | 44.7 |
| APM peak | 82 |
| eAPM avg | 25.2 |
| Villagers / military | 151 / 152 |
Focus
⚔️ 29.8% · 🌾 70.2%
Skirmisher ×51 · Huskarl ×42 · Militia ×24 · Spearman ×22 · Archer ×10 · Trebuchet (Packed) ×3
Feudal
11:38
Castle
25:14
Imperial
44:24
| APM avg | 52.3 |
| APM peak | 96 |
| eAPM avg | 24.9 |
| Villagers / military | 174 / 151 |
Focus
⚔️ 34.4% · 🌾 65.6%
Scout Cavalry ×58 · Steppe Lancer ×32 · Archer ×25 · Kipchak ×13 · Skirmisher ×7 · Militia ×5
Match map
Initial resources + every placement click. Lines = walls · curves = elevation contours. ◆ gold · ⬟ stone · ● berries · ✦ relic · ◌ wall gap
Your base· Open — unwalled flank
Rheinwg's base· Open — unwalled flank
Smoothed initial terrain · ◌ = detected wall gap · hover for details
Inputs per minute
— BilbooDEMON - - Rheinwg
Build order — BilbooDEMON
First 150 of 468 actions detected
| 0:06 | Build | Town Center |
| 1:10 | Queue | Villager (Male) |
| 1:11 | Queue | Villager (Male) |
| 1:11 | Queue | Villager (Male) |
| 1:12 | Queue | Villager (Male) |
| 1:12 | Queue | Villager (Male) |
| 1:48 | Build | Lumber Camp |
| 1:49 | Queue | Villager (Male) |
| 1:49 | Queue | Villager (Male) |
| 2:32 | Queue | Villager (Male) |
| 2:32 | Queue | Villager (Male) |
| 2:48 | Queue | Villager (Male) |
| 3:20 | Research | Loom |
| 3:21 | Queue | Villager (Male) |
| 3:21 | Queue | Villager (Male) |
| 3:21 | Queue | Villager (Male) |
| 3:57 | Queue | Villager (Male) |
| 3:57 | Queue | Villager (Male) |
| 4:28 | Queue | Villager (Male) |
| 4:39 | Build | House |
| 5:11 | Build | Palisade Wall |
| 5:16 | Build | Palisade Wall |
| 5:35 | Build | Mill |
| 6:15 | Queue | Villager (Male) |
| 6:15 | Queue | Villager (Male) |
| 6:36 | Queue | Villager (Male) |
| 7:27 | Queue | Villager (Male) |
| 8:00 | Queue | Villager (Male) |
| 8:00 | Queue | Villager (Male) |
| 8:42 | Build | Barracks |
| 8:44 | Build | House |
| 8:54 | Research | Feudal Age |
| 9:51 | Queue | Militia |
| 9:51 | Queue | Militia |
| 9:51 | Queue | Militia |
| 9:58 | Queue | Villager (Male) |
| 9:58 | Queue | Villager (Male) |
| 10:30 | Build | House |
| 10:32 | Queue | Militia |
| 10:44 | Build | Farm |
| 10:47 | Build | Farm |
| 10:51 | Build | Farm |
| 11:04 | Age | Feudal Age |
| 11:05 | Research | Man-at-Arms (upgrade) |
| 11:07 | Build | Archery Range |
| 11:12 | Build | House |
| 11:14 | Build | Blacksmith |
| 11:43 | Queue | Militia |
| 11:44 | Queue | Militia |
| 11:45 | Queue | Villager (Male) |
| 11:54 | Build | Mill |
| 11:57 | Queue | Villager (Male) |
| 12:04 | Queue | Villager (Male) |
| 12:11 | Queue | Spearman |
| 12:13 | Queue | Militia |
| 12:30 | Queue | Militia |
| 12:37 | Research | Double-Bit Axe |
| 12:44 | Queue | Villager (Male) |
| 12:45 | Queue | Villager (Male) |
| 12:53 | Queue | Archer |
| 12:53 | Queue | Archer |
| 12:56 | Build | House |
| 12:59 | Build | Palisade Wall |
| 13:01 | Queue | Villager (Male) |
| 13:02 | Queue | Villager (Male) |
| 13:33 | Queue | Archer |
| 13:46 | Queue | Villager (Male) |
| 13:46 | Queue | Villager (Male) |
| 14:13 | Research | Fletching |
| 14:31 | Build | House |
| 14:32 | Build | House |
| 14:33 | Queue | Skirmisher |
| 14:34 | Queue | Skirmisher |
| 14:59 | Queue | Skirmisher |
| 15:02 | Research | Padded Archer Armor |
| 15:06 | Queue | Villager (Male) |
| 15:06 | Queue | Villager (Male) |
| 15:10 | Build | Farm |
| 15:13 | Build | Farm |
| 15:51 | Queue | Skirmisher |
| 15:51 | Queue | Skirmisher |
| 16:15 | Build | Archery Range |
| 16:33 | Queue | Villager (Male) |
| 16:33 | Queue | Villager (Male) |
| 16:38 | Build | Mining Camp |
| 16:47 | Build | Lumber Camp |
| 16:54 | Queue | Archer |
| 16:57 | Queue | Archer |
| 17:01 | Queue | Militia |
| 17:01 | Queue | Militia |
| 17:06 | Queue | Villager (Male) |
| 17:15 | Queue | Villager (Male) |
| 17:34 | Queue | Skirmisher |
| 17:35 | Queue | Skirmisher |
| 17:46 | Queue | Militia |
| 17:46 | Queue | Militia |
| 18:03 | Queue | Spearman |
| 18:21 | Queue | Villager (Male) |
| 18:21 | Queue | Villager (Male) |
| 18:42 | Build | Farm |
| 19:01 | Queue | Villager (Male) |
| 19:07 | Queue | Militia |
| 19:07 | Queue | Militia |
| 19:16 | Build | House |
| 19:21 | Build | House |
| 19:24 | Build | House |
| 19:27 | Build | Farm |
| 19:28 | Queue | Villager (Male) |
| 19:30 | Queue | Villager (Male) |
| 19:40 | Queue | Skirmisher |
| 19:40 | Queue | Skirmisher |
| 19:42 | Queue | Skirmisher |
| 19:43 | Queue | Skirmisher |
| 20:04 | Build | Farm |
| 20:05 | Queue | Villager (Male) |
| 20:05 | Queue | Villager (Male) |
| 20:08 | Build | Farm |
| 20:12 | Build | Market |
| 20:17 | Build | Palisade Gate |
| 20:21 | Queue | Skirmisher |
| 20:22 | Queue | Skirmisher |
| 20:24 | Queue | Militia |
| 20:24 | Queue | Militia |
| 20:30 | Build | Farm |
| 20:32 | Build | Farm |
| 20:34 | Queue | Villager (Male) |
| 20:38 | Build | Farm |
| 20:50 | Queue | Militia |
| 20:51 | Queue | Skirmisher |
| 20:52 | Queue | Skirmisher |
| 21:06 | Build | House |
| 21:07 | Build | House |
| 21:19 | Build | Farm |
| 21:19 | Build | Farm |
| 21:19 | Build | Farm |
| 21:19 | Build | Farm |
| 21:21 | Build | Farm |
| 21:25 | Research | Horse Collar |
| 21:40 | Queue | Villager (Male) |
| 21:46 | Queue | Archer |
| 21:47 | Queue | Archer |
| 21:49 | Queue | Archer |
| 22:04 | Queue | Skirmisher |
| 22:05 | Queue | Skirmisher |
| 22:14 | Build | House |
| 22:29 | Queue | Villager (Male) |
| 22:58 | Build | House |
| 23:00 | Queue | Spearman |
| 23:30 | Research | Castle Age |
| 23:31 | Research | Castle Age |
Build order — Rheinwg
First 150 of 460 actions detected
| 0:42 | Build | Town Center |
| 1:46 | Queue | Villager (Male) |
| 1:47 | Queue | Villager (Male) |
| 1:47 | Queue | Villager (Male) |
| 1:47 | Queue | Villager (Male) |
| 1:48 | Queue | Villager (Male) |
| 2:59 | Build | Barracks |
| 3:29 | Queue | Villager (Male) |
| 3:29 | Queue | Villager (Male) |
| 3:29 | Queue | Villager (Male) |
| 3:43 | Research | Loom |
| 4:08 | Queue | Villager (Male) |
| 4:20 | Queue | Villager (Male) |
| 4:25 | Queue | Militia |
| 4:43 | Queue | Villager (Male) |
| 4:43 | Queue | Villager (Male) |
| 4:59 | Queue | Militia |
| 5:34 | Build | Mill |
| 5:38 | Queue | Villager (Male) |
| 5:38 | Queue | Villager (Male) |
| 6:05 | Queue | Villager (Male) |
| 6:14 | Queue | Villager (Male) |
| 6:21 | Queue | Villager (Male) |
| 7:02 | Build | House |
| 7:11 | Queue | Villager (Male) |
| 7:34 | Queue | Villager (Male) |
| 8:09 | Queue | Villager (Male) |
| 8:38 | Queue | Villager (Male) |
| 9:01 | Queue | Villager (Male) |
| 9:24 | Research | Feudal Age |
| 9:24 | Research | Feudal Age |
| 9:43 | Build | Lumber Camp |
| 9:59 | Queue | Militia |
| 10:05 | Queue | Militia |
| 10:33 | Build | House |
| 11:00 | Queue | Villager (Male) |
| 11:11 | Queue | Militia |
| 11:38 | Age | Feudal Age |
| 11:47 | Build | Archery Range |
| 11:50 | Build | Archery Range |
| 11:54 | Queue | Villager (Male) |
| 12:09 | Queue | Villager (Male) |
| 12:13 | Build | House |
| 12:31 | Queue | Archer |
| 12:37 | Queue | Archer |
| 12:44 | Build | Blacksmith |
| 12:47 | Build | House |
| 12:58 | Queue | Villager (Male) |
| 13:02 | Queue | Archer |
| 13:02 | Queue | Archer |
| 13:13 | Research | Fletching |
| 13:14 | Research | Fletching |
| 13:39 | Queue | Villager (Male) |
| 13:46 | Queue | Archer |
| 13:46 | Queue | Archer |
| 13:47 | Queue | Archer |
| 13:47 | Queue | Archer |
| 14:13 | Queue | Archer |
| 14:13 | Queue | Archer |
| 14:20 | Queue | Villager (Male) |
| 14:21 | Queue | Villager (Male) |
| 14:21 | Queue | Villager (Male) |
| 14:38 | Queue | Archer |
| 14:38 | Queue | Archer |
| 14:47 | Queue | Villager (Male) |
| 14:50 | Build | Market |
| 15:01 | Queue | Archer |
| 15:01 | Queue | Archer |
| 15:06 | Queue | Villager (Male) |
| 15:26 | Build | Stable |
| 15:37 | Build | House |
| 15:38 | Build | House |
| 16:18 | Queue | Villager (Male) |
| 16:29 | Queue | Archer |
| 16:29 | Queue | Archer |
| 16:29 | Queue | Archer |
| 16:39 | Queue | Skirmisher |
| 16:40 | Queue | Scout Cavalry |
| 16:40 | Queue | Scout Cavalry |
| 16:56 | Queue | Villager (Male) |
| 16:56 | Queue | Villager (Male) |
| 17:05 | Build | Farm |
| 17:06 | Build | Farm |
| 17:06 | Build | Farm |
| 17:06 | Build | Farm |
| 17:25 | Queue | Villager (Male) |
| 17:59 | Build | Farm |
| 18:00 | Build | Farm |
| 18:00 | Build | Farm |
| 18:00 | Build | Farm |
| 18:00 | Build | Farm |
| 18:04 | Queue | Villager (Male) |
| 18:10 | Queue | Skirmisher |
| 18:10 | Queue | Skirmisher |
| 18:51 | Queue | Villager (Male) |
| 18:52 | Queue | Villager (Male) |
| 19:03 | Build | Mill |
| 19:18 | Queue | Villager (Male) |
| 19:32 | Queue | Villager (Male) |
| 19:34 | Build | Farm |
| 19:36 | Build | Farm |
| 19:45 | Queue | Archer |
| 19:46 | Queue | Archer |
| 19:46 | Queue | Archer |
| 19:47 | Queue | Archer |
| 19:53 | Queue | Villager (Male) |
| 20:10 | Queue | Villager (Male) |
| 20:12 | Build | Farm |
| 20:14 | Build | Farm |
| 20:16 | Build | Farm |
| 20:17 | Research | Double-Bit Axe |
| 20:18 | Build | Farm |
| 20:34 | Queue | Villager (Male) |
| 20:49 | Queue | Archer |
| 20:49 | Queue | Archer |
| 20:50 | Queue | Skirmisher |
| 20:52 | Build | House |
| 21:10 | Queue | Skirmisher |
| 21:10 | Queue | Skirmisher |
| 21:14 | Queue | Skirmisher |
| 21:16 | Research | Horse Collar |
| 21:29 | Queue | Archer |
| 21:29 | Queue | Archer |
| 21:35 | Build | House |
| 21:39 | Build | House |
| 21:44 | Build | House |
| 21:45 | Build | House |
| 21:47 | Build | House |
| 22:01 | Queue | Villager (Male) |
| 22:03 | Queue | Villager (Male) |
| 22:34 | Research | Castle Age |
| 22:34 | Research | Castle Age |
| 22:34 | Research | Castle Age |
| 22:59 | Build | Town Center |
| 23:04 | Build | House |
| 23:10 | Build | Palisade Wall |
| 23:30 | Research | Scale Barding Armor |
| 23:46 | Build | Stable |
| 24:41 | Build | Stable |
| 24:43 | Research | Bloodlines |
| 24:44 | Queue | Villager (Male) |
| 24:45 | Queue | Villager (Male) |
| 24:51 | Build | Mill |
| 24:58 | Research | Forging |
| 24:58 | Research | Forging |
| 25:05 | Build | Market |
| 25:07 | Build | House |
| 25:14 | Age | Castle Age |
| 25:16 | Build | Palisade Wall |
| 25:18 | Build | Palisade Wall |
Match timeline
| 2:59 | Rheinwg · first_building Barracks |
| 5:11 | BilbooDEMON · wall_segment Palisade Wall x1 |
| 5:16 | BilbooDEMON · wall_segment Palisade Wall x1 |
| 8:42 | BilbooDEMON · first_building Barracks |
| 11:04 | BilbooDEMON · age_up feudal |
| 11:07 | BilbooDEMON · first_building Archery Range |
| 11:38 | Rheinwg · age_up feudal |
| 11:47 | Rheinwg · first_building Archery Range |
| 12:59 | BilbooDEMON · wall_segment Palisade Wall x4 |
| 15:26 | Rheinwg · first_building Stable |
| 20:29 | Rheinwg · first_market_sell 500 stone |
| 20:30 | Rheinwg · first_market_buy 500 food |
| 21:33 | BilbooDEMON · first_market_buy 100 food |
| 23:10 | Rheinwg · wall_segment Palisade Wall x4 |
| 25:14 | Rheinwg · age_up castle |
| 25:16 | Rheinwg · wall_segment Palisade Wall x7 |
| 25:18 | Rheinwg · wall_segment Palisade Wall x3 |
| 26:10 | BilbooDEMON · age_up castle |
| 28:35 | Rheinwg · first_building Castle |
| 32:59 | BilbooDEMON · first_building Castle |
| 33:38 | BilbooDEMON · wall_segment Palisade Wall x1 |
| 35:33 | Rheinwg · first_building Monastery |
| 36:37 | BilbooDEMON · first_building Monastery |
| 44:24 | Rheinwg · age_up imperial |
| 44:41 | BilbooDEMON · age_up imperial |
| 48:04 | Rheinwg · resign |
[ AI ANALYSIS · 1 CREDIT ]
What really happened in this match?
Wolo.gg analyzes every decision: build order, eco, micro, common mistakes by bracket. Personalized analysis on WhatsApp or Discord in 30 seconds.
Civ guide
Goths
Perfil
Jugador #618457